 Dungeon Crawl Stone Soup version 0.28-a0-1159-g27aa881441 (webtiles) character file.

Game seed: 8360507749251507176

31987 rogsnak the Thaumaturge (level 13, -8/94 HPs)
             Began as a Demonspawn Air Elementalist on Dec 15, 2021.
             Was an Elder of Sif Muna.
             Shot with an arrow by Nessos (22 damage)
             ... on level 14 of the Dungeon on Dec 16, 2021.
             The game lasted 01:07:19 (18186 turns).

rogsnak the Thaumaturge (DsAE)                     Turns: 18186, Time: 01:07:19

Health: -8/94      AC: 12    Str: 10    XL:     13   Next: 28%
Magic:  25/29      EV: 14    Int: 24    God:    Sif Muna [****..]
Gold:   805        SH:  0    Dex: 20    Spells: 20/36 levels left

rFire   . . .      SeeInvis .   F - +6 spear "Moujenli" {elec, rPois}
rCold   . . .      Faith    +   (no shield)
rNeg    + . .      Spirit   .   u - +0 troll leather armour {Pargi}
rPois   +          Reflect  .   (helmet restricted)
rElec   .          Harm     .   D - +0 cloak
rCorr   .          Rampage  .   z - +0 pair of gloves
Will    .....                   t - +2 pair of boots "Getwid" {Int+4}
Stlth   ++........              T - amulet of faith
HPRegen 1.05/turn               L - +6 ring of dexterity
MPRegen 0.21/turn               g - ring of positive energy

@: lethally poisoned (-8 -> -22)
A: antennae 2, rugged brown scales 2, demonic guardian 1, foul stench 1
a: Renounce Religion, Channel Magic, Forget Spell, Divine Exegesis


You were on level 14 of the Dungeon.
You worshipped Sif Muna.
Sif Muna was greatly pleased with you.
You visited 2 branches of the dungeon, and saw 15 of its levels.
You also visited: Sewer.

You collected 805 gold pieces.

Inventory:

Hand Weapons
 r - the +1 quarterstaff of Indomitability {freeze, rElec}
   (You found it on level 11 of the Dungeon)

   It freezes those it strikes, dealing additional cold damage.
   It can also slow down cold-blooded creatures.
   rElec:     It insulates you from electricity.
 w - a +2 dagger of venom
 F - the +6 spear "Moujenli" (weapon) {elec, rPois}
   (You took it off an orc on level 5 of the Dungeon)

   It occasionally discharges a powerful burst of electricity upon striking a
   foe.
   rPois:     It protects you from poison.
 I - a +0 demon trident of venom
Missiles
 j - 60 poisoned darts
 H - 6 boomerangs of dispersal
 V - 5 throwing nets
 W - a curare-tipped dart
Armour
 b - +0 pearl dragon scales
 t - the +2 pair of boots "Getwid" (worn) {Int+4}
   (You acquired it on level 13 of the Dungeon)

   Int:       It affects your intelligence (+4).
 u - a +0 troll leather armour (worn) {Pargi}
 z - a +0 pair of gloves (worn)
 D - a +0 cloak (worn)
 J - a +2 robe of fire resistance
 K - a +2 leather armour of poison resistance
 R - a +0 buckler
Magical Staves
 c - a staff of air
Jewellery
 f - an amulet of reflection
 g - a ring of positive energy (right hand)
 k - a ring of ice
 L - a +6 ring of dexterity (left hand)
 T - an amulet of faith (around neck)
 X - a ring of see invisible
Wands
 x - a wand of iceblast (4)
 y - a wand of mindburst (26)
 A - a wand of paralysis (6)
 C - a wand of acid (9)
 G - a wand of flame (80)
Scrolls
 a - a scroll of magic mapping
 d - 5 scrolls of amnesia {unknown}
 e - 3 scrolls of identify
 h - 5 scrolls of enchant weapon {unknown}
 i - 2 scrolls of fear {unknown}
 l - 4 scrolls of vulnerability {unknown}
 s - 4 scrolls of teleportation {unknown}
 B - a scroll of summoning
 M - a scroll of immolation
 P - a scroll of silence
Potions
 m - a potion of flight
 n - 2 potions of brilliance {unknown}
 o - 3 potions of haste {unknown}
 p - a potion of ambrosia
 q - a potion of mutation
 v - a potion of invisibility
 E - a potion of berserk rage
 N - 3 potions of lignification {unknown}
 Q - 5 potions of curing
 S - 5 potions of heal wounds {unknown}
 U - a potion of might
 Y - a potion of cancellation


   Skills:
 + Level 4.4 Fighting
 + Level 4.5 Armour
 + Level 4.8 Dodging
 - Level 1.7 Stealth
 + Level 2.2 Shields
 + Level 12.3 Spellcasting
 * Level 11.8 Conjurations
 + Level 2.7 Ice Magic
 + Level 10.9 Air Magic


You had 20 spell levels left.
You knew the following spells:

 Your Spells              Type           Power      Damage    Failure   Level
a - Shock                 Conj/Air       100%       1d9       1%          1
b - Swiftness             Air            61%        N/A       1%          3
c - Airstrike             Air            30%        N/A       1%          4
d - Mephitic Cloud        Conj/Pois/Air  50%        N/A       1%          3
e - Freezing Cloud        Conj/Ice/Air   26%        6-21      4%          5

Your spell library contained the following spells:

 Spells                   Type           Power      Damage    Failure   Level
 Static Discharge         Conj/Air       62%        N/A       1%          2
 Hailstorm                Conj/Ice       49%        3d11      2%          4
 Ensorcelled Hibernation  Hex/Ice        42%        N/A       4%          2
 Animate Skeleton         Necr           28%        N/A       5%          1
 Apportation              Tloc           28%        N/A       5%          1
 Beastly Appendage        Tmut           28%        N/A       5%          1
 Pain                     Necr           56%        1d6       5%          1
 Summon Small Mammal      Summ           56%        N/A       5%          1
 Wereblood                Tmut           14%        N/A       9%          2
 Call Canine Familiar     Summ           14%        N/A       17%         3
 Gell's Gravitas          Tloc           14%        N/A       17%         3
 Ignite Poison            Fire/Tmut/Pois 14%        N/A       17%         3
 Lesser Beckoning         Tloc           14%        N/A       17%         3
 Portal Projectile        Hex/Tloc       28%        N/A       17%         3
 Spider Form              Tmut/Pois      14%        N/A       17%         3
 Summon Guardian Golem    Hex/Summ       14%        N/A       17%         3
 Teleport Other           Tloc           14%        N/A       17%         3
 Vampiric Draining        Necr           14%        2d7       17%         3
 Ice Form                 Ice/Tmut       21%        N/A       30%         4
 Orb of Destruction       Conj           32%        9d12      34%         7
 Leda's Liquefaction      Hex/Erth       7%         N/A       50%         4
 Simulacrum               Ice/Necr       10%        N/A       99%         6
 Spellforged Servitor     Conj/Summ      21%        N/A       99%         7
 Polar Vortex             Ice            14%        N/A       100%        9


Dungeon Overview and Level Annotations

Branches:
Dungeon (14/15) Temple (1/1) D:7 Lair (0/6) D:8 Orc (0/2) D:10 Vaults (0/5) D:13 D:14 Sewer (visited)

Altars:
Gozag
Sif Muna

Annotations:
D:14 Nessos, Rupert


Innate Abilities, Weirdness & Mutations

You have a pair of antennae on your head.
You are mostly covered in rugged brown scales. (AC +2, +5% HP)
A weak demonic guardian rushes to your aid.
You may rarely emit foul miasma when damaged in melee.


Message History

Nessos is engulfed in freezing vapours.
Nessos shoots an arrow.
The arrow closely misses you.
Unknown command.
Unknown command.
Unknown command.
Unknown command.
Nessos is engulfed in freezing vapours.
Nessos says, "Study your classics!"
Nessos shoots an arrow.
The arrow hits you! The arrow burns you.
Unknown command.
Unknown command.
Nessos is engulfed in freezing vapours.
Nessos shoots an arrow.
The arrow hits your ice devil! The arrow burns your ice devil.
Nessos is engulfed in freezing vapours.
Nessos casts a spell.
Nessos seems to speed up.
Unknown command.
Nessos is engulfed in freezing vapours.
Nessos shoots an arrow.
The arrow hits your ice devil!! The arrow burns your ice devil!
Your ice devil dies!
Your ice devil disappears in a puff of smoke!
Nessos is engulfed in freezing vapours.
Nessos shoots an arrow.
The arrow misses you.
Unknown command.
Nessos is engulfed in freezing vapours.
Nessos shoots an arrow.
The arrow barely misses you.
Nessos is engulfed in freezing vapours.
Nessos shoots an arrow.
The arrow closely misses you.
There is a stone staircase leading up, spattered with blood here.
Unknown command.
Nessos is engulfed in freezing vapours.
Nessos shoots an arrow.
The arrow hits you! The arrow burns you.
You are poisoned.
Nessos is engulfed in freezing vapours.
Nessos shoots an arrow.
The arrow hits you!
* * * LOW HITPOINT WARNING * * *
The arrow burns you!
* * * LOW HITPOINT WARNING * * *
Nessos is engulfed in freezing vapours.
Nessos shoots an arrow.
The arrow hits you!!
You die...

#..###..###### ##
#####>.......#### ### #
##...(.....§c## #.# #
#.........§§§§######.#####
#..........§§§............
##..........§†.[..#.....###
#.............#)..#.....##
#...........[.#.÷†..c....##
#.........@..###..).......#
#............# #.........#.
##..........## #...........
##..........# ##..........
#..###.....## #.....÷.†...
##..# ###...# #......÷....
#..## ##### #.........##
##..## ##.......## #....###
##......###


You could see Nessos (fast).

Vanquished Creatures
  Jorgrun (D:13)
  Harold (D:10)
  2 hydras
  3 boulder beetles
  7 two-headed ogres
  Urug (D:14)
  An orc knight (D:14)
  2 deep elf pyromancers (D:14)
  2 manticores
  8 ugly things
  2 cyclopes
  3 gargoyles
  2 kobold demonologists
  A komodo dragon (D:10)
  2 trolls
  5 slime creatures (D:13)
  Sigmund (D:3)
  5 yaks
  4 wraiths
  23 vampire mosquitoes
  2 steam dragons
  16 humans
  2 wargs (D:8)
  An acid dragon (D:13)
  A water moccasin (D:5)
  Duvessa (D:5)
  4 orc warriors
  A hornet zombie (D:8)
  2 ice beasts
  2 sky beasts
  Pargi (Sewer)
  2 necrophages
  5 ogres
  A centaur (D:7)
  A phantom (D:4)
  Blork the orc (D:5)
  3 kobold brigands (D:10)
  2 bullfrogs (D:8)
  A gnoll sergeant (D:6)
  2 scorpions
  Dowan (D:5)
  5 killer bees (D:7)
  2 water moccasin skeletons (D:5)
  6 wights
  9 electric eels (D:6)
  A howler monkey (D:6)
  3 centaur zombies
  2 gnoll shamans
  2 hounds (D:5)
  4 jellies
  6 orc priests
  A centaur skeleton (D:5)
  Jessica (D:3)
  A bullfrog skeleton (D:5)
  Ijyb (D:5)
  15 orc wizards
  A hound zombie (D:5)
  11 gnolls
  12 adders
  2 shadow imps
  3 white imps
  5 worms
  A dart slug (D:5)
  40 orcs
  7 endoplasms
  4 giant cockroaches
  10 goblins
  7 hobgoblins
  2 jackals (D:3)
  2 quokkas (D:1)
  7 ball pythons
  9 bats
  14 frilled lizards
  24 kobolds
  4 rats
352 creatures vanquished.

Vanquished Creatures (collateral kills)
  A boulder beetle (D:11)
  A gargoyle (D:10)
  A slime creature (D:13)
  A warg (D:8)
  A centaur (D:9)
  An orc wizard (D:5)
  3 orcs (D:7)
  A ball python (D:3)
10 creatures vanquished.

Vanquished Creatures (others)
  An electric eel (D:6)
  39 plants
  6 withered plants (D:10)
46 creatures vanquished.

Grand Total: 408 creatures vanquished

Notes
Turn   | Place    | Note
-------+----------+-------------------------------------------
     0 | D:1      | rogsnak the Demonspawn Air Elementalist began the quest for
                  | the Orb.
     0 | D:1      | Reached XP level 1. HP: 13/13 MP: 3/3
   407 | D:1      | Gained mutation: You have a pair of small antennae on your
                  | head. [demonic ancestry]
   407 | D:1      | Reached XP level 2. HP: 19/19 MP: 1/5
  1544 | D:2      | Gained mutation: You are partially covered in rugged brown
                  | scales. (AC +1, +3% HP) [demonic ancestry]
  1544 | D:2      | Reached XP level 3. HP: 19/24 MP: 3/6
  1667 | D:2      | Found a faded altar of an unknown god.
  2052 | D:2      | Gained mutation: A weak demonic guardian rushes to your
                  | aid. [demonic ancestry]
  2052 | D:2      | Reached XP level 4. HP: 26/30 MP: 0/7
  2788 | D:3      | Noticed Sigmund
  2815 | D:3      | Killed Sigmund
  2816 | D:3      | Reached skill level 3 in Spellcasting
  2816 | D:3      | Reached XP level 5. HP: 36/36 MP: 2/10
  2854 | D:3      | Noticed Jessica
  2861 | D:3      | Killed Jessica
  2862 | D:3      | Reached XP level 6. HP: 42/42 MP: 5/11
  3114 | D:3      | Learned a level 3 spell: Swiftness
  3119 | D:3      | Learned a level 4 spell: Airstrike
  3492 | D:3      | Found a shimmering blue altar of Sif Muna.
  3512 | D:3      | Became a worshipper of Sif Muna the Loreminder
  4026 | D:4      | Found a glowing drain.
  4035 | Sewer    | Entered a sewer
  4215 | Sewer    | Noticed Pargi
  4223 | Sewer    | Killed Pargi
  4321 | Sewer    | Learned a level 3 spell: Mephitic Cloud
  4710 | D:4      | Gained mutation: You may rarely emit foul miasma when
                  | damaged in melee. [demonic ancestry]
  4710 | D:4      | Reached XP level 7. HP: 46/48 MP: 2/12
  4854 | D:5      | Entered Level 5 of the Dungeon
  4876 | D:5      | Reached skill level 5 in Conjurations
  4933 | D:5      | Reached skill level 1 in Shields
  4933 | D:5      | Reached skill level 4 in Spellcasting
  4939 | D:5      | Noticed Duvessa
  5033 | D:4      | Reached skill level 1 in Fighting
  5235 | D:5      | Noticed Blork the orc
  5256 | D:5      | Killed Blork the orc
  5257 | D:5      | Reached skill level 1 in Armour
  5285 | D:5      | Gained mutation: You are mostly covered in rugged brown
                  | scales. (AC +2, +5% HP) [demonic ancestry]
  5285 | D:5      | Reached XP level 8. HP: 44/56 MP: 7/14
  5493 | D:5      | Reached * piety under Sif Muna
  5684 | D:5      | Identified the +6 spear "Moujenli" {elec, rPois}
  5776 | D:5      | Reached skill level 5 in Spellcasting
  5776 | D:5      | Reached skill level 5 in Air Magic
  5931 | D:5      | Noticed Ijyb
  6020 | D:5      | Killed Ijyb
  6146 | D:5      | Noticed Dowan
  6154 | D:5      | Killed Duvessa
  6155 | D:5      | Killed Dowan
  6576 | D:6      | Reached XP level 9. HP: 45/64 MP: 17/17
  7275 | D:6      | Reached ** piety under Sif Muna
  7394 | D:6      | Reached skill level 6 in Spellcasting
  8209 | D:6      | Reached skill level 7 in Spellcasting
  8531 | D:7      | Found a staircase to the Ecumenical Temple.
  8583 | Temple   | Entered the Ecumenical Temple
  9075 | D:8      | Reached XP level 10. HP: 71/71 MP: 17/21
  9292 | D:8      | Reached *** piety under Sif Muna
  9348 | D:8      | Found a staircase to the Lair.
  9745 | D:8      | Reached skill level 8 in Spellcasting
  9966 | D:8      | Identified the +8 flail of Gabb {holy, Fly rElec rPois}
 10135 | D:9      | Noticed a two-headed ogre
 10163 | D:9      | Killed a two-headed ogre
 10989 | D:10     | Entered Level 10 of the Dungeon
 10992 | D:10     | Noticed a gargoyle
 11006 | D:10     | Killed a gargoyle
 11138 | D:10     | Reached skill level 9 in Spellcasting
 11154 | D:10     | Noticed a cyclops
 11206 | D:10     | Reached XP level 11. HP: 73/76 MP: 22/24
 11304 | D:10     | Found a staircase to the Orcish Mines.
 11639 | D:10     | Noticed a two-headed ogre
 11660 | D:10     | Killed a two-headed ogre
 11660 | D:10     | Reached **** piety under Sif Muna
 12087 | D:10     | Upgraded the game from 0.28-a0-1152-g9c71ebef14 to
                  | 0.28-a0-1159-g27aa881441
 12213 | D:10     | Noticed Harold
 12224 | D:10     | Killed Harold
 12547 | D:10     | Noticed a green ugly thing
 12579 | D:10     | Learned a level 5 spell: Freezing Cloud
 12728 | D:10     | Killed a green ugly thing
 13145 | D:11     | Identified the +1 quarterstaff of Indomitability {freeze,
                  | rElec}
 13159 | D:11     | Noticed a boulder beetle
 13176 | D:11     | Killed a boulder beetle
 13311 | D:11     | Reached skill level 10 in Spellcasting
 13556 | D:11     | Noticed a boulder beetle
 13568 | D:11     | Killed a boulder beetle
 13594 | D:11     | Reached skill level 10 in Conjurations
 13792 | D:11     | Noticed a two-headed ogre
 13809 | D:11     | Killed a two-headed ogre
 13810 | D:11     | Reached skill level 1 in Ice Magic
 13896 | D:11     | Noticed a two-headed ogre
 13957 | D:11     | Killed a two-headed ogre
 14058 | D:11     | Noticed a two-headed ogre
 14070 | D:11     | Killed a two-headed ogre
 14437 | D:12     | Noticed a two-headed ogre
 14540 | D:12     | Killed a two-headed ogre
 14541 | D:12     | Gained mutation: You have a pair of antennae on your head.
                  | [demonic ancestry]
 14541 | D:12     | Reached XP level 12. HP: 87/87 MP: 4/26
 14811 | D:12     | Noticed a boulder beetle
 15118 | D:12     | Killed a boulder beetle
 15629 | D:13     | Reached skill level 11 in Spellcasting
 15794 | D:13     | Reached ***** piety under Sif Muna
 16011 | D:13     | Noticed Jorgrun
 16021 | D:13     | Identified a scroll of acquirement
 16034 | D:13     | Acquired the +2 pair of boots "Getwid" {Int+4}
 16053 | D:13     | Received a gift from Sif Muna
 16056 | D:13     | Killed Jorgrun
 16250 | D:13     | Reached skill level 10 in Air Magic
 16340 | D:13     | Noticed a two-headed ogre
 16345 | D:13     | Killed a two-headed ogre
 16480 | D:13     | Noticed a four-headed hydra
 16486 | D:13     | Killed a four-headed hydra
 17169 | D:14     | Noticed a six-headed hydra
 17181 | D:14     | Killed a six-headed hydra
 17303 | D:14     | Reached XP level 13. HP: 93/93 MP: 12/28
 17308 | D:14     | Reached skill level 12 in Spellcasting
 17527 | D:14     | Noticed Nessos
 17643 | D:14     | Noticed Rupert
 17894 | D:14     | Found a gate to the Vaults.
 17895 | D:14     | Noticed Urug
 18023 | D:14     | Killed Urug
 18186 | D:14     | Shot with an arrow by Nessos

Illustrated notes

Levels and vault maps discovered:
D:1:      minmay_arrival_semitransparent, layout_basic
D:2:      layout_basic, ebering_ecumenical_altar_webs, minmay_lizard_pond
D:3:      minmay_angry_zag, layout_basic, mainiacjoe_overflow_chevrons,
          minmay_parallelograms, minmay_surrounded, uniq_sigmund, uniq_jessica
D:4:      layout_cave_pools, portal_sewer_entry_d
D:5:      layout_rooms, nzn_random_ring, uniq_blork_the_orc, uniq_duvessa,
          uniq_ijyb
D:6:      cheibrodos_two_vegetables, layout_cave_pools, serial_bayou_lake_a
D:7:      layout_rooms, minmay_temple_entry_glass,
          chequers_serial_rivers_micro_d
D:8:      layout_loops_ring, erik_lair_orcish_takeover
D:9:      layout_loops_cross
D:10:     layout_roguey, serial_undead, serial_undead_e, serial_undead_e,
          serial_undead_b, serial_undead_a, grunt_ministairs_13, uniq_harold
D:11:     layout_loops_corners
D:12:     layout_stronghold
D:13:     layout_long_grid, uniq_jorgrun
D:14:     layout_cave_pods, david_vaults_3, chequers_serial_rivers_large_a
Temple:   regret_index_temple_sigil_plot

Skill      XL: |  1  2  3  4  5  6  7  8  9 10 11 12 13 |
---------------+----------------------------------------+-----
Air Magic      | 3 4 5 6 7 9 10 | 10.9
Conjurations   | 2 4 5 7 8 9 10 11 | 11.8
Dodging        | 2 3 4 |  4.8
Spellcasting   | 3 4 5 7 9 10 11 12 | 12.3
Shields        | 1 2 |  2.2
Fighting       | 1 2 3 4 |  4.4
Armour         | 1 2 3 4 |  4.5
Ice Magic      | 1 2 |  2.7
Stealth        | |  1.7

Action                   |  1- 3 |  4- 6 |  7- 9 | 10-12 | 13-15 || total
-------------------------+-------+-------+-------+-------+-------++-------
Melee: Mace              |    16 |       |       |       |       ||    16
       Dagger            |     3 |    70 |    40 |       |       ||   113
       Spear             |       |       |   161 |   230 |    58 ||   449
       Staff             |       |       |       |    27 |       ||    27
 Cast: Shock             |    82 |    91 |   157 |    97 |    28 ||   455
       Mephitic Cloud    |       |       |    18 |    56 |     5 ||    79
       Airstrike         |       |       |    27 |    97 |    12 ||   136
       Freezing Cloud    |       |       |       |    34 |     8 ||    42
Evoke: Wand              |       |       |       |     1 |     2 ||     3
  Use: Scroll            |       |       |       |    16 |       ||    16
 Stab: Sleeping          |       |     1 |       |     1 |       ||     2
       Confused          |       |       |    13 |    23 |       ||    36
       Distracted        |       |       |       |     3 |       ||     3
Armor: Robe              |     6 |    13 |       |       |       ||    19
       Troll leather arm |       |     8 |    69 |    81 |    25 ||   183
Dodge: Dodged            |    12 |    47 |    97 |   135 |    53 ||   344
Block: Other             |       |    21 |    34 |     9 |       ||    64
       Reflection        |       |       |     1 |       |       ||     1

Table legend: (Time is in decaauts)
 A = Elapsed time spent in this place.
 B = Non-inter-level travel time spent in this place.
 C = Inter-level travel time spent in this place.
 D = Time resting spent in this place.
 E = Time spent auto-exploring this place.
 F = Levels seen in this place.
 G = Mean time per level.
                   A        B        C        D        E       F      G
               +--------+--------+--------+--------+--------+-----+--------+
         Total |  18304 |  18035 |    269 |   5583 |   7228 |  16 | 1144.0 |
       Dungeon |  18001 |  17732 |    269 |   5448 |   7228 |  14 | 1285.8 |
        Temple |      1 |      1 |      0 |      0 |      0 |   1 |    1.0 |
         Sewer |    300 |    300 |      0 |    135 |      0 |   1 |  300.0 |
               +--------+--------+--------+--------+--------+-----+--------+

Top non-repeatable levels by time:
     D:6: 1941 daAuts
    D:10: 1765 daAuts
     D:5: 1665 daAuts
    D:11: 1543 daAuts
     D:1: 1516 daAuts
    D:13: 1358 daAuts
    D:12: 1289 daAuts
    D:14: 1276 daAuts
     D:3: 1244 daAuts
     D:2: 1065 daAuts
     D:8: 1051 daAuts
     D:9: 946 daAuts
     D:4: 824 daAuts
     D:7: 513 daAuts
   Sewer: 300 daAuts
